Map: Alcyone LE

Players

Subwayeatn

  • Race: Zerg Zerg
  • League: Platinum
  • Spawn Location: 7:00

GrandestBhmb - Winner!

  • Race: Protoss Protoss
  • League: Diamond
  • Spawn Location: 1:00

VOD

Have the link to the VOD?

Description

Time

  • Played on: Nov. 4, 2023, 6:10 p.m.
  • Length: 5:21
Show
View Real Time Build Order
Export as new Build Order

Subwayeatn Zerg 

Build Orders: Pool First 

Get SALT Encoding   

  12  0:01  Drone  
  13  0:08  Drone  
  14  0:17  Extractor  
  13  0:28  Spawning Pool  
  12  1:08  Hatchery  
  12  1:18  Zergling x2  
  12  1:22  Queen  
  14  1:31  Overlord  
  14  1:47  Metabolic Boost  
  14  1:51  Zergling x2  
  15  2:00  Zergling x4  
  17  2:10  Zergling x2  
  18  2:28  Zergling x4  
  20  2:46  Overlord  
  20  2:47  Zergling x2  
  21  3:07  Drone x3  
  21  3:08  Drone  
  21  3:09  Drone  
  26  3:18  Baneling Nest  
  24  3:58  Overlord  
  24  4:03  Baneling  
  24  4:04  Baneling  
  24  4:05  Baneling  
  24  4:06  Hatchery  
  24  4:08  Baneling  
  23  4:12  Drone x2  
  23  4:13  Drone x3  
  28  4:20  Baneling  
  28  4:26  Zergling x2  
  28  4:27  Zergling x4  
  31  4:49  Extractor  
  31  4:51  Overlord  
  30  5:02  Spine Crawler  
Show
View Real Time Build Order
Export as new Build Order

GrandestBhmb Protoss - Winner!

Build Orders:  

Get SALT Encoding   

  12  0:00  Probe  
  13  0:13  Probe  
  14  0:19  Pylon  
  14  0:25  Probe  
  15  0:37  Probe  
  16  0:51  Probe  
  16  0:52  Gateway  
  16  0:55  Assimilator  
  17  1:03  Probe  
  18  1:16  Pylon  
  18  1:31  Gateway  
  18  1:39  Zealot  
  20  1:45  Cybernetics Core  
  19  1:51  Probe  
  20  2:06  Zealot  
  22  2:31  Warp Gate  
  22  2:51  Nexus  
  22  2:55  Probe  
  23  3:09  Adept x2  
  27  3:42  Shield Battery  
  27  3:46  Shield Battery  
  27  3:49  Adept x2  
  31  4:00  Twilight Council, Assimilator  
  31  4:02  Pylon  
  31  4:09  Probe x2 (Chrono Boost)  
  33  4:19  Probe x2 (Chrono Boost)  
  33  4:20  Pylon  
  35  4:24  Probe (Chrono Boost)  
  35  4:26  Probe  
  35  4:30  Sentry  
  39  4:32  Sentry  
  39  4:35  Probe  
  39  4:38  Probe  
  43  4:48  Probe  
  43  4:50  Probe  
  45  5:03  Probe  
  45  5:04  Probe  
  43  5:20  Adept  
  43  5:21  Adept  
Tags
 
Matchup
PvZ
Opening
Pool First
Replay Pack
Multiplayer
Spawn Locations
Cross Positions
Add a new tag
Caveats
  • Supply blocks, unpowered buildings, or Contaminate may cause inaccurate times.
  • Supply counts are checked every 10 seconds.